 Dungeon Crawl Stone Soup version 0.31-a0-355-g57cb03d3e8 (webtiles) character file.

Game seed: 5500794119528553544

469396 Shayle the Oracle (level 24, -15/256 (260) HPs)
             Began as a Gnoll Shapeshifter on July 23, 2023.
             Was a Priest of Ashenzari.
             Killed from afar by a frost giant (35 damage)
             ... with a bolt of cold
             ... on level 5 of the Vaults on July 24, 2023.
             The game lasted 04:27:17 (68128 turns).

Shayle the Oracle (Gnoll Shapeshifter)             Turns: 68128, Time: 04:27:18

HP:   -15/256 (260) AC: 40    Str: 15    XL:     24   Next: 32%
MP:   20/41         EV: 47    Int: 14    God:    Ashenzari [***...]
Gold: 2012          SH: 11    Dex: 24    Spells: 16/60 levels left

rFire   . .          .
                       - Unarmed
rCold   . . .        D - +1 buckler "Shackled Together" {Dex+6, Fort, Dev} (curse)
rNeg    + . .        L - melded quicksilver dragon scales
rPois   ∞            e - +2 helmet {SInv}
rElec   +            q - +2 cloak of the Restrained Ether {rCorr, Self, Dev} (curse)
rCorr   +            Q - melded +2 pair of gloves {Dex+3}
SInv    +            n - melded +0 pair of boots "Elebeud" {rElec rF+ Dex+2}
Will    +....        y - amulet "Atheism of Ashenzari" {Acrobat, Melee, Alch} (curse)
Stlth   +++++++      p - ring of Ashenzari's Malaise {rPois, Bglg, Self} (curse)
HPRegen 0.62/turn    K - ring of Supernal Wisdom {EV+5, Elem, Bglg} (curse)
MPRegen 0.27/turn

%: acrobat, clarity
@: statue-form, death channelling, acrobatic, studying 2 skills, lightly
drained, very slow
A: slow and powerful, torment resistance 1, boosted hp, fangs 1, strong nose,
distributed training, hooves 1, low MP 1
}: 3/15 runes: serpentine, barnacled, slimy
a: Begin Untransformation, Renounce Religion, Curse Item, Shatter the Chains


You were on level 5 of the Vaults.
You worshipped Ashenzari.
Ashenzari was most pleased with you.
You were a living statue of rough stone.
You visited 9 branches of the dungeon, and saw 44 of its levels.
You visited 2 bazaars.
You also visited: Trove, Sewer, Bailey and Ice Cave.

You collected 6044 gold pieces.
You spent 4032 gold pieces at shops.

Inventory:

Hand Weapons
 x - a +9 spectral eveningstar
Missiles
 W - 14 silver javelins (quivered)
Armour
 e - a +2 helmet of see invisible (worn)
 n - the +0 pair of boots "Elebeud" (melded) {rElec rF+ Dex+2}
   (You acquired it on level 1 of the Lair of Beasts)

   Dex:       It affects your dexterity (+2).
   rF:        It protects you from fire.
   rElec:     It insulates you from electricity.
 q - the cursed +2 cloak of the Restrained Ether (worn) {rCorr, Self, Dev}
   (You found it on level 12 of the Dungeon)

   It has a curse which improves the following skills: Introspection: Fighting
   and Spellcasting.
   Devices:   Evocations and Shapeshifting.
 D - the cursed +1 buckler "Shackled Together" (worn) {Dex+6, Fort, Dev}
   (You bought it in a shop on level 1 of the Vaults)

   Dex:       It affects your dexterity (+6).
   It has a curse which improves the following skills: Fortitude: Armour and
   Shields.
   Devices:   Evocations and Shapeshifting.
 L - quicksilver dragon scales (melded)
 Q - a +2 pair of gloves of dexterity (melded)
Jewellery
 k - a +6 ring of dexterity
 p - the cursed ring of Ashenzari's Malaise (left fist) {rPois, Bglg, Self}
   (You found it on level 3 of the Dungeon)

   [ring of poison resistance]

   rPois:     It protects you from poison.
   It has a curse which improves the following skills: Beguiling: Conjurations,
   Hexes and Translocations.
   Introspection: Fighting and Spellcasting.
 y - the cursed amulet "Atheism of Ashenzari" (around neck) {Acrobat, Melee, Alch}
   (You took it off a goblin on level 4 of the Dungeon)

   [amulet of the acrobat]

   It increases your evasion while moving and waiting.
   It has a curse which improves the following skills: Melee Combat: Short
   Blades, Long Blades, Axes, Maces & Flails, Polearms, Staves and Unarmed
   Combat.
   Alchemy:   Poison Magic and Transmutations.
 K - the cursed ring of Supernal Wisdom (right fist) {EV+5, Elem, Bglg}
   (You found it on level 8 of the Dungeon)

   [ring of evasion]

   EV:        It affects your evasion (+5).
   It has a curse which improves the following skills: Elements: Fire Magic, Ice
   Magic, Air Magic and Earth Magic.
   Beguiling: Conjurations, Hexes and Translocations.
Talismans
 I - a granite talisman
 Y - a storm talisman
Wands
 f - a wand of roots (36)
 m - a wand of polymorph (5)
 s - a wand of acid (19)
 v - a wand of digging (10)
 B - a wand of mindburst (35)
 G - a wand of flame (61)
 R - a wand of charming (41)
Scrolls
 a - 2 scrolls of summoning
 g - 5 scrolls of revelation
 t - 3 scrolls of fear
 z - 3 scrolls of teleportation
 C - 5 scrolls of vulnerability
 E - 2 scrolls of poison
 H - 5 scrolls of immolation
 J - a scroll of blinking
 O - 6 scrolls of silence
 S - 6 scrolls of fog
Potions
 b - 3 potions of cancellation
 c - 4 potions of resistance
 d - 4 potions of heal wounds
 h - 4 potions of ambrosia
 i - 7 potions of mutation
 j - 4 potions of haste
 l - 7 potions of brilliance
 r - 3 potions of berserk rage
 u - 4 potions of enlightenment
 w - 22 potions of curing
 A - 5 potions of lignification
 U - 6 potions of invisibility
 X - 6 potions of might
Miscellaneous
 V - a phantom mirror


   Skills:
 + Level 16.7(18.8) Fighting
 + Level 16.5(17.9) Short Blades
 + Level 16.5(17.9) Long Blades
 + Level 16.5(17.9) Axes
 + Level 16.5(17.9) Maces & Flails
 + Level 16.5(17.9) Polearms
 + Level 16.5(17.9) Staves
 + Level 16.5 Ranged Weapons
 + Level 16.5 Throwing
 + Level 16.5(17.9) Armour
 + Level 17.0 Dodging
 + Level 16.5 Stealth
 + Level 16.5(17.9) Shields
 + Level 17.6(18.9) Unarmed Combat
 + Level 16.5(18.6) Spellcasting
 + Level 14.0(16.2) Conjurations
 + Level 14.0(16.2) Hexes
 + Level 14.0 Summonings
 + Level 14.0 Necromancy
 + Level 14.0(16.2) Translocations
 + Level 14.0(15.4) Transmutations
 + Level 14.0(15.4) Fire Magic
 + Level 16.2(17.6) Ice Magic
 + Level 14.0(15.4) Air Magic
 + Level 14.0(15.4) Earth Magic
 + Level 14.0(15.4) Poison Magic
 + Level 17.9 Invocations
 + Level 17.6(19.6) Evocations
 + Level 15.3(17.4) Shapeshifting


You had 16 spell levels left.
You knew the following spells:

 Your Spells              Type           Power      Damage    Failure   Level
a - Manifold Assault      Tloc           55%        N/A       1%          4
b - Blink                 Tloc           100%       N/A       0%          2
c - Freezing Cloud        Conj/Ice/Air   28%        6-21      1%          5
d - Yara's Violent Unrav  Hex/Tmut       27%        3d12      1%          5
e - Plasma Beam           Fire/Air       27%        2x1d39    1%          6
f - Ignite Poison         Fire/Tmut/Pois 54%        N/A       1%          3
g - Eringya's Noxious Bo  Tmut/Pois      27%        4d6       1%          6
h - Death Channel         Necr           25%        N/A       2%          6
i - Malign Gateway        Summ/Tloc      26%        N/A       9%          7

Your spell library contained the following spells:

 Spells                   Type           Power      Damage    Failure   Level
 Freeze                   Ice            100%       1d10      0%          1
 Magic Dart               Conj           100%       1d8       0%          1
 Summon Small Mammal      Summ           100%       N/A       0%          1
 Cigotuvi's Dreadful Rot  Necr/Pois/Air  100%       N/A       0%          2
 Ensorcelled Hibernation  Hex/Ice        100%       N/A       0%          2
 Lesser Beckoning         Tloc           100%       N/A       0%          2
 Poisonous Vapours        Pois/Air       100%       N/A       0%          2
 Searing Ray              Conj           100%       2d8       0%          2
 Static Discharge         Conj/Air       100%       2-7/arc   0%          2
 Frozen Ramparts          Ice            100%       1d16      0%          3
 Hailstorm                Conj/Ice       57%        3d12      0%          3
 Call Imp                 Summ           100%       N/A       1%          2
 Call Canine Familiar     Summ           51%        N/A       1%          3
 Gell's Gravitas          Tloc           55%        N/A       1%          3
 Inner Flame              Hex/Fire       55%        N/A       1%          3
 Mephitic Cloud           Conj/Pois/Air  54%        N/A       1%          3
 Portal Projectile        Hex/Tloc       100%       N/A       1%          3
 Stone Arrow              Conj/Erth      100%       3d13      1%          3
 Swiftness                Air            54%        N/A       1%          3
 Teleport Other           Tloc           55%        N/A       1%          3
 Vhi's Electric Charge    Tloc/Air       100%       N/A       1%          3
 Volatile Blastmotes      Fire/Tloc      100%       2d18      1%          3
 Anguish                  Hex/Necr       26%        N/A       1%          4
 Animate Armour           Summ/Erth      100%       N/A       1%          4
 Cause Fear               Hex            27%        N/A       1%          4
 Dispel Undead            Necr           51%        3d19      1%          4
 Flame Wave               Conj/Fire      55%        2d13      1%          4
 Fulminant Prism          Conj/Hex       27%        3d13      1%          4
 Iskenderun's Mystic Bla  Conj/Tloc      55%        2d12      1%          4
 Leda's Liquefaction      Hex/Erth       27%        N/A       1%          4
 Passage of Golubria      Tloc           55%        N/A       1%          4
 Sticky Flame             Conj/Fire      55%        2d7       1%          4
 Summon Ice Beast         Ice/Summ       55%        N/A       1%          4
 Summon Lightning Spire   Summ/Air       53%        N/A       1%          4
 Arcjolt                  Conj/Air       27%        1d37      1%          5
 Fireball                 Conj/Fire      27%        3d12      1%          5
 Irradiate                Conj/Tmut      27%        3d20      1%          5
 Lee's Rapid Deconstruct  Erth           27%        3d14*     1%          5
 Silence                  Hex/Air        27%        N/A       1%          5
 Summon Forest            Summ/Tloc      26%        N/A       1%          5
 Summon Mana Viper        Hex/Summ       53%        N/A       1%          5
 Conjure Ball Lightning   Conj/Air       27%        3x3d8     1%          6
 Dispersal                Tloc           27%        N/A       1%          6
 Simulacrum               Ice/Necr       27%        N/A       1%          6
 Starburst                Conj/Fire      27%        6d9       1%          6
 Summon Cactus Giant      Summ           25%        N/A       2%          6
 Ozocubu's Refrigeration  Ice            29%        4d13      3%          7
 Enfeeble                 Hex            27%        N/A       5%          7
 Monstrous Menagerie      Summ           25%        N/A       13%         7
 Discord                  Hex            27%        N/A       38%         8
 Disjunction              Tloc           27%        N/A       38%         8
 Lehudib's Crystal Spear  Conj/Erth      27%        10d7      43%         8
 Summon Horrible Things   Summ           25%        N/A       69%         8
 Dragon's Call            Summ           25%        N/A       100%        9


Dungeon Overview and Level Annotations

Branches:
Dungeon (15/15)            Temple (1/1) D:7            Lair (5/5) D:8
 Shoals (4/4) Lair:3        Snake (4/4) Lair:3        Slime (5/5) Lair:5
    Orc (2/2) D:10            Elf (3/3) Orc:2        Vaults (5/5) D:13
  Crypt (0/3) Vaults:3      Sewer (visited)          Bailey (visited)
  IceCv (visited)
 Depths: D:15

Altars:
Ashenzari
Cheibriados
Dithmenos
Elyvilon
Fedhas
Gozag
Hepliaklqana
Kikubaaqudgha
Makhleb
Nemelex Xobeh
Okawaru
Qazlal
Ru
Sif Muna
Trog
Uskayaw
Vehumet
Wu Jian
Xom
Yredelemnul
Zin
The Shining One
Jiyva

Shops:
D:2 [   D:7 (   D:8 ?   D:12 [   D:14 :   Orc:2 *((:   Elf:2 *   Snake:1 !:[
Snake:4 *   Vaults:1 [   Vaults:2 ((   Vaults:3 [

Annotations:
Vaults:4 8 runed translucent doors, Naox's ghost, adept KoAr


Innate Abilities, Weirdness & Mutations

You are a living statue of rough stone.
Your actions are slow, but your melee attacks are powerful.
You are resistant to unholy torment.
Your maximum health is greatly increased.
Your equipment is partially melded.
You are immune to poison.
You have very sharp teeth.
Your uncanny sense of smell can sniff out nearby items.
Your experience applies equally to all skills.
You have large cloven feet.
Your magical capacity is low. (-10% MP)


Message History

* * * LOW HITPOINT WARNING * * *
The Ice Fiend freezes you!!!
* * * LOW HITPOINT WARNING * * *
The Ice Fiend claws you but does no damage.
Your spectral yaktaur captain hits the shadow dragon!
Blink to where?
Press: ? - help, Dir - move target A stone giant comes into view.
Found a scroll of enchant armour.
As you read the scroll of blinking, it crumbles to dust.
The titan's magic is no longer disrupted.
Your eldritch tentacle slaps the titan!
The titan looks as sick as possible!
Your eldritch tentacle poisons the titan!
Your eldritch tentacle completely misses the titan.
The titan hits your eldritch tentacle!!
The stone giant throws a large rock.
You block the large rock.
The dread lich gestures wildly while chanting.
Your spectral yaktaur captain hits the titan!!
The titan dies!
A glowing mist starts to gather...
You feel much better.
The ancient lich gestures at you while chanting.
The crystal spear hits your spectral titan!!!!
The dread lich touches your spectral yaktaur captain but does no damage.
The shadow dragon breathes negative energy at you.
The bolt of negative energy misses you.
Your spectral yaktaur captain hits the ancient lich.
Your eldritch tentacle slaps the ancient lich but does no damage.
Your eldritch tentacle barely misses the ancient lich.
Your spectral titan hits the ancient lich but does no damage.
The dread lich mumbles some strange words.
The dread lich seems to speed up.
The shadow dragon barely misses you. The shadow dragon claws you!
* * * LOW HITPOINT WARNING * * *
The shadow dragon completely misses you.
Your surroundings suddenly seem different.
A shadow dragon comes into view.
The frost giant gestures at you while chanting.
The bolt of cold hits you!!
You die... #......?#....# , #......##....#.C.... , * * , #....#.....#* ' #....#..C..#** ....., #....#.....#* ,, ∩ * , . ..... #....#.....# ' * . .....#* #....#....# , .. .....# #....#....# '''

, , .. .....##.......8.###... ,,
u. *#...#............... , , .
#................D. ,, , ,.
#######..........################
.......)..............C..........
......................Qu.......p.
#################################


You could see a shadow dragon, a frost giant and a stone giant.

Vanquished Creatures
  the Royal Jelly (Slime:5)
  A dread lich (Vaults:5)
  Mara (Snake:3)
  Vashnia (Snake:2)
  A tentacled monstrosity (Vaults:5)
  An Ice Fiend (IceCv)
  2 deep elf master archers (Elf:3)
  A deep elf blademaster (Elf:3)
  16 acid blobs
  A kraken (Shoals:4)
  Polyphemus (Shoals:4)
  2 sphinxes
  Gastronok (D:9)
  Frances (Shoals:1)
  Kirke (Snake:2)
  2 storm dragons (Vaults:5)
  Aizul (Snake:2)
  2 tengu reavers
  A storm dragon (shapeshifter) (Elf:1)
  Donald (Snake:1)
  8 azure jellies
  2 fire giants (Vaults:5)
  Roxanne (D:14)
  6 nagarajas
  8 rockslimes
  11 deep elf sorcerers
  15 vault wardens
  A frost giant (Vaults:5)
  An azure jelly (shapeshifter) (Vaults:5)
  An iron dragon (Vaults:1)
  The ghost of klm127 the Brawler, a journeyman TrGl of Hepliaklqana (Lair:3)
  15 ironbound preservers
  2 deep elf elementalists (Elf:3)
  13 quicksilver oozes
  3 war gargoyles
  2 stone giants (Vaults:5)
  2 orc warlords
  2 very ugly things (Vaults:5)
  8 formless jellyfish
  12 ironbound thunderhulks
  5 deep elf annihilators
  9 deep elf demonologists (Elf:3)
  A minotaur (D:12)
  9 dire elephants
  Azrael (Snake:2)
  Snorg (Lair:5)
  The ghost of Laiqyij the Basher, a journeyman FoFi of Ru (D:12)
  5 deep elf death magi (Elf:3)
  2 crystal guardians
  2 ettins
  A merfolk javelineer (Shoals:4)
  15 merfolk impalers
  An ettin (shapeshifter) (Vaults:4)
  3 deep elf high priests
  13 yaktaur captains
  4 entropy weavers
  Josephine (D:10)
  33 vault guards
  13 great orbs of eyes
  4 ironbound frosthearts
  2 salamander tyrants (Snake:4)
  5 merfolk avatars
  3 caustic shrike simulacra (IceCv)
  2 alligator snapping turtles
  15 anacondas
  4 peacekeepers
  4 boulder beetles
  14 centaur warriors
  5 ogre magi
  4 catoblepae
  6 hydras
  21 dancing weapons
  6 satyrs
  3 merfolk aquamancers
  20 two-headed ogres
  A deep troll shaman (Lair:5)
  22 naga warriors
  18 naga sharpshooters
  2 tengu warriors
  17 death yaks
  6 shock serpents
  An orc high priest (Elf:1)
  A shadow wraith (Vaults:5)
  A hell knight (Vaults:5)
  12 deep elf knights
  Nergalle (Lair:1)
  3 salamander mystics
  A skyshark (Shoals:2)
  A skeletal warrior (Vaults:3)
  Lodul (D:10)
  A glowing orange brain (Slime:5)
  27 deep trolls
  11 sea snakes
  A kraken simulacrum (Shoals:4)
  8 naga ritualists
  2 spriggan simulacra (IceCv)
  7 wizards
  3 bog bodies (IceCv)
  2 obsidian statues (IceCv)
  6 deep elf archers
  22 harpies
  15 ironbound convokers
  10 lindwurms
  25 deep elf zephyrmancers
  A phantasmal warrior (Vaults:3)
  31 deep elf pyromancers
  2 oklob plants (Lair:3)
  3 necromancers
  7 orc knights
  6 shining eyes
  20 salamanders
  18 ugly things
  2 orc sorcerers
  4 mana vipers
  31 fauns
  15 manticores
  8 cyclopes
  31 black mambas
  10 merfolk sirens
  A frost giant skeleton (Vaults:3)
  11 guardian serpents
  15 vault sentinels
  26 elephants
  10 cane toads
  15 naga magi
  9 water nymphs
  2 ice statues (Shoals:3)
  An eye of devastation (Slime:5)
  3 rime drakes
  2 gargoyles
  A cane toad (shapeshifter) (D:14)
  5 torpor snails
  4 komodo dragons
  4 freezing wraiths
  2 kobold demonologists (Bailey)
  A komodo dragon (shapeshifter) (D:9)
  48 yaktaurs
  An anaconda simulacrum (IceCv)
  2 efreet
  4 golden dragon simulacra (IceCv)
  32 merfolk
  3 wind drakes (Shoals:2)
  4 trolls
  2 meliai (D:15)
  3 polar bears
  A deep troll zombie (Vaults:3)
  An ettin zombie (Vaults:3)
  11 snapping turtles
  A sphinx simulacrum (Vaults:3)
  18 blink frogs
  20 dream sheep
  76 slime creatures
  The ghost of spiderkeys the Changeling, an amateur OpSh of Hepliaklqana (D:4)
  2 centaur simulacra (D:14)
  A flying skull (Vaults:3)
  A dire elephant simulacrum (IceCv)
  14 water elementals
  A culicivora (Vaults:4)
  3 shadows
  8 wraiths
  A vampire (D:12)
  4 wyverns
  6 hogs (Snake:2)
  59 yaks
  Grum (D:9)
  9 fire elementals
  10 humans (D:13)
  4 basilisks
  8 golden eyes
  Menkaure (D:5)
  An elf skeleton (Vaults:3)
  4 wargs
  15 vampire mosquitoes
  5 redbacks
  41 nagas
  2 acid dragons
  A hydra simulacrum (IceCv)
  10 water moccasins
  3 hell hounds (Snake:2)
  2 ice beasts
  A meliai simulacrum (D:15)
  23 orc warriors
  Pargi (Sewer)
  3 ettin simulacra (IceCv)
  A sky beast (D:7)
  3 black bears
  39 ogres
  25 wolves
  2 phantoms
  3 kobold brigands
  10 bullfrogs
  Blork the orc (D:4)
  2 scorpions (D:5)
  An earth elemental (Elf:3)
  4 gnoll sergeants
  A deep troll simulacrum (IceCv)
  9 killer bees
  5 electric eels
  3 howler monkeys
  4 lava snakes (Lair:3)
  3 jellies
  12 orc priests
  6 hounds
  A gnoll bouda (D:5)
  23 orc wizards
  2 sleepcaps (D:6)
  5 hell rats
  An iguana (D:6)
  Natasha (thrice) (D:2)
  Robin (D:4)
  25 gnolls
  9 adders
  3 river rats (D:3)
  2 adder zombies (D:2)
  An adder skeleton (D:2)
  2 worms
  3 dart slugs
  62 orcs
  8 ball pythons
  8 bats
  A bat zombie (D:2)
  6 endoplasms
  2 giant cockroaches
  23 goblins
  9 hobgoblins
  4 jackals (D:4)
  19 kobolds
  4 quokkas
  A ball python skeleton (D:2)
  2 ball python zombies (D:2)
  8 frilled lizards
  A giant cockroach zombie (D:2)
  2 quokka skeletons (D:2)
  7 rats
  4 spectral weapons
  3 tentacles (Shoals:4)
1782 creatures vanquished.

Vanquished Creatures (collateral kills)
  An Ice Fiend (IceCv)
  A titan (Vaults:5)
  Asterion (Snake:1)
  An acid blob (Slime:5)
  A shadow dragon (Vaults:5)
  An azure jelly (Slime:5)
  2 rockslimes (Slime:5)
  An iron dragon (Vaults:5)
  A vault warden (Vaults:4)
  An ironbound preserver (Vaults:5)
  2 very ugly things (Vaults:5)
  A war gargoyle (Vaults:4)
  An ironbound thunderhulk (Vaults:4)
  3 dire elephants (Vaults:4)
  2 yaktaur captains (Vaults:5)
  2 great orbs of eyes
  A vault guard (Vaults:5)
  Urug (Lair:5)
  A naga sharpshooter (Snake:2)
  A flayed ghost (Vaults:5)
  A naga ritualist (Snake:4)
  An orc sorcerer (D:9)
  5 ugly things (Vaults:4)
  A yaktaur (Vaults:4)
  A warg (Vaults:5)
  2 orc warriors (Vaults:5)
  3 orc priests
  An iguana (D:7)
  An orc wizard (D:7)
  3 gnolls (D:7)
  5 orcs
  A hobgoblin (Bailey)
51 creatures vanquished.

Vanquished Creatures (others)
  4 eldritch tentacles
  A stone giant (Vaults:5)
  A sea snake (Shoals:2)
  A wizard (Vaults:4)
  An air elemental (Elf:3)
  A yak (D:9)
  An orc warrior (Bailey)
  A centaur (D:9)
  An orc wizard (D:13)
  An orc (Bailey)
  A goblin (Bailey)
  39 spectral weapons
  4 tentacles (Shoals:4)
57 creatures vanquished.

Grand Total: 1890 creatures vanquished

Notes
Turn   | Place    | Note
-------+----------+-------------------------------------------
     0 | D:1      | Shayle the Gnoll Shapeshifter began the quest for the Orb.
     0 | D:1      | Reached XP level 1. HP: 17/17 MP: 1/1
   253 | D:1      | Reached XP level 2. HP: 22/23 MP: 2/2
   563 | D:1      | Reached XP level 3. HP: 27/28 MP: 3/3
  1048 | D:2      | Reached skill level 1 in Invocations
  1070 | D:2      | You fall into a shaft and drop 1 floor!
  1101 | D:3      | Reached skill level 1 in Short Blades
  1101 | D:3      | Reached skill level 1 in Long Blades
  1101 | D:3      | Reached skill level 1 in Axes
  1101 | D:3      | Reached skill level 1 in Maces & Flails
  1101 | D:3      | Reached skill level 1 in Polearms
  1101 | D:3      | Reached skill level 1 in Staves
  1101 | D:3      | Reached skill level 1 in Ranged Weapons
  1101 | D:3      | Reached skill level 1 in Throwing
  1101 | D:3      | Reached skill level 1 in Armour
  1101 | D:3      | Reached skill level 1 in Stealth
  1101 | D:3      | Reached skill level 1 in Shields
  1101 | D:3      | Reached skill level 1 in Spellcasting
  1101 | D:3      | Reached skill level 1 in Evocations
  1132 | D:3      | Found a faded altar of an unknown god.
  1351 | D:3      | Reached XP level 4. HP: 27/33 MP: 5/5
  1675 | D:3      | Reached skill level 1 in Conjurations
  1675 | D:3      | Reached skill level 1 in Hexes
  1675 | D:3      | Reached skill level 1 in Summonings
  1675 | D:3      | Reached skill level 1 in Necromancy
  1675 | D:3      | Reached skill level 1 in Translocations
  1675 | D:3      | Reached skill level 1 in Transmutations
  1675 | D:3      | Reached skill level 1 in Fire Magic
  1675 | D:3      | Reached skill level 1 in Ice Magic
  1675 | D:3      | Reached skill level 1 in Air Magic
  1675 | D:3      | Reached skill level 1 in Earth Magic
  1675 | D:3      | Reached skill level 1 in Poison Magic
  1679 | D:3      | Found a glowing drain.
  1688 | Sewer    | Entered a sewer
  1790 | Sewer    | Noticed Pargi
  1814 | Sewer    | Killed Pargi
  1815 | Sewer    | Reached XP level 5. HP: 27/41 MP: 5/7
  2193 | D:2      | Noticed Natasha
  2199 | D:2      | Killed Natasha
  2200 | D:2      | Reached XP level 6. HP: 47/47 MP: 8/8
  2518 | D:2      | Noticed Natasha
  2522 | D:2      | Killed Natasha
  2523 | D:2      | Reached skill level 5 in Dodging
  2547 | D:2      | Found Huor Pia's Armour Emporium.
  2554 | D:2      | Noticed Natasha
  2561 | D:2      | Killed Natasha
  3248 | D:4      | Identified the +4 whip of Kureutyts {flame, Int+2}
  3280 | D:4      | Reached XP level 7. HP: 52/52 MP: 10/10
  3287 | D:4      | Noticed Blork the orc
  3298 | D:4      | Killed Blork the orc
  3343 | D:4      | Noticed Robin
  3353 | D:4      | Killed Robin
  3902 | D:4      | Found a runed translucent door.
  3910 | D:4      | Noticed spiderkeys's ghost (amateur OpSh)
  4532 | D:5      | Entered Level 5 of the Dungeon
  4543 | D:5      | Reached XP level 8. HP: 60/60 MP: 12/12
  4657 | D:5      | Noticed Menkaure
  4814 | D:5      | Killed Menkaure
  5888 | D:6      | Reached XP level 9. HP: 66/66 MP: 14/14
  6181 | D:5      | Reached skill level 5 in Fighting
  6988 | D:7      | Found Acwinaa's Weapon Boutique.
  7153 | D:7      | Reached skill level 5 in Invocations
  7432 | D:7      | Found a staircase to the Ecumenical Temple.
  7448 | Temple   | Entered the Ecumenical Temple
  7505 | Temple   | Became a worshipper of Ashenzari the Shackled
  8451 | D:8      | Found a staircase to the Lair.
  8516 | D:8      | Reached XP level 10. HP: 75/75 MP: 17/17
  8688 | D:8      | Found Jukeaz's Magic Scroll Boutique.
  8702 | D:8      | Bought a scroll of teleportation for 42 gold pieces
  8702 | D:8      | Bought a scroll of enchant armour for 105 gold pieces
  8702 | D:8      | Bought a scroll of teleportation for 42 gold pieces
  8849 | D:9      | Found a glowing golden altar of the Shining One.
  8916 | D:9      | Reached skill level 5 in Short Blades
  8916 | D:9      | Reached skill level 5 in Long Blades
  8916 | D:9      | Reached skill level 5 in Axes
  8916 | D:9      | Reached skill level 5 in Maces & Flails
  8916 | D:9      | Reached skill level 5 in Polearms
  8916 | D:9      | Reached skill level 5 in Staves
  8916 | D:9      | Reached skill level 5 in Ranged Weapons
  8916 | D:9      | Reached skill level 5 in Throwing
  8916 | D:9      | Reached skill level 5 in Armour
  8916 | D:9      | Reached skill level 5 in Stealth
  8916 | D:9      | Reached skill level 5 in Shields
  8916 | D:9      | Reached skill level 5 in Spellcasting
  8916 | D:9      | Reached skill level 5 in Evocations
  8967 | D:9      | Noticed an orc sorcerer
  8968 | D:9      | Noticed an orc sorcerer
  8983 | D:9      | Killed an orc sorcerer
  9077 | D:9      | Found a flagged portal.
  9077 | D:9      | Noticed Grum
  9192 | D:9      | Killed Grum
  9212 | Bailey   | Entered a bailey
  9659 | Bailey   | Noticed a kobold demonologist
  9671 | Bailey   | Killed a kobold demonologist
  9797 | Bailey   | Found an iron altar of Okawaru.
  9797 | Bailey   | Noticed a kobold demonologist
  9864 | Bailey   | Identified the +11 mace of the Spider {heavy, rF+ rC+}
  9872 | Bailey   | Killed a kobold demonologist
 10121 | Bailey   | Noticed an orc knight
 10151 | Bailey   | HP: 4/85 [orc knight/+0 war axe (9)]
 10165 | Bailey   | Noticed an orc knight
 10410 | Bailey   | Reached XP level 11. HP: 80/83 MP: 19/19
 10437 | Bailey   | Killed an orc knight
 10438 | Bailey   | Reached skill level 5 in Conjurations
 10438 | Bailey   | Reached skill level 5 in Hexes
 10438 | Bailey   | Reached skill level 5 in Summonings
 10438 | Bailey   | Reached skill level 5 in Necromancy
 10438 | Bailey   | Reached skill level 5 in Translocations
 10438 | Bailey   | Reached skill level 5 in Transmutations
 10438 | Bailey   | Reached skill level 5 in Fire Magic
 10438 | Bailey   | Reached skill level 5 in Ice Magic
 10438 | Bailey   | Reached skill level 5 in Air Magic
 10438 | Bailey   | Reached skill level 5 in Earth Magic
 10438 | Bailey   | Reached skill level 5 in Poison Magic
 10577 | Bailey   | Acquired a +2 helmet of see invisible
 10834 | D:9      | Noticed Gastronok
 10853 | D:9      | Killed Gastronok
 11084 | D:9      | Killed an orc sorcerer
 11141 | Lair:1   | Entered Level 1 of the Lair of Beasts
 11621 | Lair:1   | Noticed Nergalle
 11629 | Lair:1   | Killed Nergalle
 11759 | Lair:1   | Reached * piety under Ashenzari
 11760 | Lair:1   | Reached skill level 10 in Unarmed Combat
 11760 | Lair:1   | Reached XP level 12. HP: 94/94 MP: 22/24
 12808 | Lair:2   | Reached XP level 13. HP: 101/101 MP: 25/25
 14561 | Lair:3   | Found a staircase to the Snake Pit.
 14914 | Lair:3   | Reached ** piety under Ashenzari
 15512 | D:10     | Entered Level 10 of the Dungeon
 15514 | D:10     | Noticed Josephine
 15614 | D:10     | Killed Josephine
 16084 | D:10     | Found a staircase to the Orcish Mines.
 16126 | Orc:1    | Entered Level 1 of the Orcish Mines
 16378 | D:10     | Reached XP level 14. HP: 111/111 MP: 27/27
 16405 | D:10     | Reached skill level 10 in Dodging
 16443 | D:10     | Noticed Lodul
 16866 | D:11     | Found a portal to a secret trove of treasure.
 17120 | D:11     | Acquired 1081 gold pieces
 17281 | D:11     | Reached skill level 10 in Shapeshifting
 17890 | Lair:3   | Found a runed translucent gate.
 17890 | Lair:3   | Found a runed translucent gate.
 17890 | Lair:3   | Found a runed translucent gate.
 17891 | Lair:3   | Noticed klm127's ghost (journeyman TrGl)
 17899 | Lair:3   | Found a viscous altar of Jiyva.
 17978 | Lair:3   | Reached skill level 10 in Invocations
 18277 | Lair:3   | Found a staircase to the Shoals.
 19368 | Lair:4   | Found a snail-covered altar of Cheibriados.
 20273 | Lair:4   | Reached skill level 10 in Fighting
 20625 | Lair:5   | Entered Level 5 of the Lair of Beasts
 20680 | Lair:5   | Found a viscous altar of Jiyva.
 20680 | Lair:5   | Found a staircase to the Slime Pits.
 20755 | Lair:5   | Noticed Snorg
 20767 | Lair:5   | Killed Snorg
 20784 | Lair:5   | Learned a level 4 spell: Manifold Assault
 21530 | Lair:5   | Reached XP level 15. HP: 119/119 MP: 29/29
 22634 | Lair:5   | Reached skill level 10 in Short Blades
 22634 | Lair:5   | Reached skill level 10 in Long Blades
 22634 | Lair:5   | Reached skill level 10 in Axes
 22634 | Lair:5   | Reached skill level 10 in Maces & Flails
 22634 | Lair:5   | Reached skill level 10 in Polearms
 22634 | Lair:5   | Reached skill level 10 in Staves
 22634 | Lair:5   | Reached skill level 10 in Ranged Weapons
 22634 | Lair:5   | Reached skill level 10 in Throwing
 22634 | Lair:5   | Reached skill level 10 in Armour
 22634 | Lair:5   | Reached skill level 10 in Stealth
 22634 | Lair:5   | Reached skill level 10 in Shields
 22634 | Lair:5   | Reached skill level 10 in Spellcasting
 22634 | Lair:5   | Reached skill level 10 in Evocations
 22712 | Lair:5   | Noticed Urug
 22724 | Lair:5   | Killed Urug
 24309 | Orc:2    | Entered Level 2 of the Orcish Mines
 24503 | Orc:2    | Found a flickering gateway to a bazaar.
 24516 | Bazaar   | Entered a bazaar
 24516 | Bazaar   | Found Vihecsoira's Book Boutique.
 24516 | Bazaar   | Found Junocos's Book Boutique.
 24535 | Bazaar   | Found Pulosut's Distillery.
 24578 | Bazaar   | Found Emicloud's Distillery.
 24586 | Bazaar   | Bought 2 potions of heal wounds for 180 gold pieces
 24586 | Bazaar   | Bought a potion of heal wounds for 90 gold pieces
 24586 | Bazaar   | Bought a potion of heal wounds for 90 gold pieces
 24604 | Bazaar   | Bought a potion of cancellation for 144 gold pieces
 24604 | Bazaar   | Bought a potion of resistance for 180 gold pieces
 24622 | Bazaar   | Bought a potion of resistance for 170 gold pieces
 24622 | Bazaar   | Bought a potion of haste for 170 gold pieces
 24622 | Bazaar   | Bought a potion of invisibility for 136 gold pieces
 24631 | Bazaar   | Bought a book of Misfortune for 324 gold pieces
 24642 | Bazaar   | Bought the Lessons on the Moving Crevasse for 528 gold
                  | pieces
 24645 | Bazaar   | Learned a level 2 spell: Blink
 24651 | Bazaar   | Learned a level 5 spell: Freezing Cloud
 24657 | Bazaar   | Learned a level 5 spell: Yara's Violent Unravelling
 24948 | Orc:2    | Found Ijiucapp's Assorted Antiques.
 24948 | Orc:2    | Found Nonez's Weapon Shop.
 24950 | Orc:2    | Found Ystewn's Antique Weapon Shop.
 24950 | Orc:2    | Found Piluackips's Book Shoppe.
 24958 | Orc:2    | Bought a potion of curing for 102 gold pieces
 25151 | Orc:2    | Found a staircase to the Elven Halls.
 26028 | D:10     | Killed Lodul
 26632 | D:12     | Found a runed translucent gate.
 26632 | D:12     | Found a runed translucent gate.
 26632 | D:12     | Found a runed translucent gate.
 26790 | D:12     | Identified the ring "Cafenk" {rN+ Will+ Str+5 Slay-6 SInv}
 26808 | D:12     | Reached XP level 16. HP: 127/127 MP: 23/31
 26859 | D:12     | Found Vuduer's Antique Armour Shoppe.
 27392 | D:12     | Noticed Laiqyij's ghost (journeyman FoFi)
 27970 | Shoals:1 | Entered Level 1 of the Shoals
 28716 | Snake:1  | Entered Level 1 of the Snake Pit
 28765 | Snake:1  | Noticed Donald
 28773 | Snake:1  | Killed Donald
 30705 | Snake:1  | Noticed Asterion
 30710 | Snake:1  | Killed Asterion
 30858 | Snake:1  | Found Xuiraebb's Antique Armour Shoppe.
 30860 | Snake:1  | Found Rupo's Book Emporium.
 30862 | Snake:1  | Found Tykunt's Distillery.
 30870 | Snake:1  | Bought a potion of heal wounds for 70 gold pieces
 30870 | Snake:1  | Bought a potion of curing for 42 gold pieces
 30870 | Snake:1  | Bought a potion of curing for 42 gold pieces
 30928 | Snake:1  | Bought a potion of mutation for 112 gold pieces
 32273 | Snake:2  | Noticed Azrael
 32274 | Snake:2  | Noticed Aizul
 32285 | Snake:2  | Killed Azrael
 32287 | Snake:2  | Killed Aizul
 32579 | Snake:2  | Noticed Kirke
 32587 | Snake:2  | Killed Kirke
 32730 | Snake:2  | Reached XP level 17. HP: 107/135 MP: 33/33
 32947 | Snake:2  | Noticed Vashnia
 32962 | Snake:2  | Killed Vashnia
 33527 | Snake:3  | Noticed Mara
 34116 | Snake:3  | Noticed Shayle's illusion
 35213 | D:13     | Found a gate to the Vaults.
 35355 | D:13     | Reached skill level 10 in Conjurations
 35355 | D:13     | Reached skill level 10 in Hexes
 35355 | D:13     | Reached skill level 10 in Summonings
 35355 | D:13     | Reached skill level 10 in Necromancy
 35355 | D:13     | Reached skill level 10 in Translocations
 35355 | D:13     | Reached skill level 10 in Transmutations
 35355 | D:13     | Reached skill level 10 in Fire Magic
 35355 | D:13     | Reached skill level 10 in Ice Magic
 35355 | D:13     | Reached skill level 10 in Air Magic
 35355 | D:13     | Reached skill level 10 in Earth Magic
 35355 | D:13     | Reached skill level 10 in Poison Magic
 36030 | D:14     | Found a radiant altar of Vehumet.
 36064 | D:14     | Found Ulupta's Book Shoppe.
 36365 | D:14     | Noticed Roxanne
 36654 | D:14     | Killed Roxanne
 37088 | D:15     | Entered Level 15 of the Dungeon
 37486 | Snake:3  | Killed Mara
 37938 | Snake:3  | Reached XP level 18. HP: 134/144 MP: 25/35
 38483 | Snake:4  | Entered Level 4 of the Snake Pit
 38946 | Snake:4  | Found Agessem's General Store.
 38954 | Snake:4  | Bought a potion of curing for 48 gold pieces
 38954 | Snake:4  | Bought a potion of curing for 48 gold pieces
 39065 | Snake:4  | Identified the +3 trident "Funuceb" {speed, rF+}
 40324 | Snake:4  | Got a serpentine rune of Zot
 41070 | Shoals:1 | Noticed Frances
 41078 | Shoals:1 | Killed Frances
 41544 | Shoals:1 | Upgraded the game from 0.31-a0-354-g827e0957a7 to
                  | 0.31-a0-355-g57cb03d3e8
 42160 | Shoals:2 | Reached XP level 19. HP: 152/152 MP: 25/37
 43009 | Shoals:3 | Found a frozen archway.
 43077 | Shoals:3 | Learned a level 6 spell: Plasma Beam
 43224 | IceCv    | Entered an ice cave
 43988 | IceCv    | Noticed an Ice Fiend
 43988 | IceCv    | Noticed an Ice Fiend
 43990 | IceCv    | Identified the +0 ice dragon scales "Taegelo" {Contam rF-
                  | rC++ rN+ Str+3 Int+4}
 43994 | IceCv    | Killed an Ice Fiend
 43995 | IceCv    | Killed an Ice Fiend
 44860 | Shoals:4 | Entered Level 4 of the Shoals
 45076 | Shoals:4 | Noticed Polyphemus
 45086 | Shoals:4 | Killed Polyphemus
 45617 | Shoals:4 | Identified the +8 quarterstaff of Day {flame, rN++}
 46061 | Shoals:4 | Reached skill level 15 in Unarmed Combat
 46477 | Shoals:4 | Identified the scarf "Onumaq" {rC+ rF+, Int+3}
 46497 | Shoals:4 | Identified the +1 giant spiked club "Saqan" {heavy, *Rage
                  | rPois Str-2 Dex+8}
 46596 | Shoals:4 | Reached XP level 20. HP: 161/161 MP: 28/38
 47117 | Shoals:4 | Got a barnacled rune of Zot
 47443 | Snake:1  | Bought the Vellum of the Disjunct Gift for 360 gold pieces
 47447 | Snake:1  | Learned a level 3 spell: Ignite Poison
 47469 | Snake:1  | Bought a potion of magic for 112 gold pieces
 47644 | Slime:1  | Entered Level 1 of the Pits of Slime
 48158 | Slime:3  | Reached skill level 15 in Invocations
 49021 | Slime:4  | Gained mutation: Your magical capacity is low. (-10% MP) [a
                  | shining eye]
 49022 | Slime:4  | Gained mutation: Your magical capacity is very low. (-20%
                  | MP) [a shining eye]
 49148 | Slime:3  | Lost mutation: Your magical capacity is very low. (-20% MP)
                  | [potion of mutation]
 49148 | Slime:3  | Lost mutation: Your magical capacity is low. (-10% MP)
                  | [potion of mutation]
 49148 | Slime:3  | Gained mutation: You have large cloven feet. [potion of
                  | mutation]
 49148 | Slime:3  | Gained mutation: Your spells are a little harder to cast,
                  | but a little more powerful. [potion of mutation]
 49676 | Slime:4  | Gained mutation: Your magical capacity is low. (-10% MP) [a
                  | shining eye]
 49940 | Slime:5  | Entered Level 5 of the Pits of Slime
 50142 | Slime:5  | Lost mutation: Your spells are a little harder to cast, but
                  | a little more powerful. [a shining eye]
 50899 | Slime:5  | Paralysed by a great orb of eyes for 3 turns
 51120 | Slime:5  | Noticed the Royal Jelly
 51142 | Slime:5  | Killed the Royal Jelly
 51143 | Slime:5  | Reached skill level 15 in Dodging
 51172 | Slime:5  | Reached XP level 21. HP: 86/169 MP: 7/36
 51585 | Slime:5  | Identified the +1 rapier of Fate {elec, rPois rF- rC+++
                  | Will-}
 51624 | Slime:5  | Identified the +0 robe of the Evening {rF+ Will+ Str+2}
 51662 | Slime:5  | Identified the +2 cloak of Ukhu {Regen+ Dex+4}
 51679 | Slime:5  | Got a slimy rune of Zot
 52907 | Lair:1   | Acquired the +0 pair of boots "Elebeud" {rElec rF+ Dex+2}
 53115 | Vaults:1 | Entered Level 1 of the Vaults
 53531 | Vaults:1 | Found Kokk's Antique Armour Shop.
 53542 | Vaults:1 | Bought a steaming buckler for 285 gold pieces
 53542 | Vaults:1 | Identified the +1 buckler of Avant Garde Wonder {Dex+6}
                  | (You bought it in a shop on level 1 of the Vaults)
 55599 | Vaults:2 | Found Vagirin's Weapon Emporium.
 55982 | Vaults:2 | Reached skill level 15 in Fighting
 56348 | Vaults:2 | You fall into a shaft and drop 1 floor!
 56848 | Vaults:2 | Found Wobbij's Antique Weapon Emporium.
 57983 | Vaults:2 | Reached skill level 15 in Short Blades
 57983 | Vaults:2 | Reached skill level 15 in Long Blades
 57983 | Vaults:2 | Reached skill level 15 in Axes
 57983 | Vaults:2 | Reached skill level 15 in Maces & Flails
 57983 | Vaults:2 | Reached skill level 15 in Polearms
 57983 | Vaults:2 | Reached skill level 15 in Staves
 57983 | Vaults:2 | Reached skill level 15 in Ranged Weapons
 57983 | Vaults:2 | Reached skill level 15 in Throwing
 57983 | Vaults:2 | Reached skill level 15 in Armour
 57983 | Vaults:2 | Reached skill level 15 in Stealth
 57983 | Vaults:2 | Reached skill level 15 in Shields
 57983 | Vaults:2 | Reached skill level 15 in Spellcasting
 57983 | Vaults:2 | Reached skill level 15 in Evocations
 58073 | Vaults:2 | Reached XP level 22. HP: 180/180 MP: 28/38
 58142 | Vaults:2 | Reached *** piety under Ashenzari
 58688 | Vaults:3 | Found Biczuzexa's Armour Boutique.
 58779 | Vaults:3 | Found a staircase to the Crypt.
 60003 | Vaults:4 | Found a large runed translucent door.
 60003 | Vaults:4 | Found a large runed translucent door.
 60003 | Vaults:4 | Found a large runed translucent door.
 60003 | Vaults:4 | Found a large runed translucent door.
 60004 | Vaults:4 | Noticed Naox's ghost (adept KoAr)
 60118 | Vaults:4 | Found a large runed translucent door.
 60118 | Vaults:4 | Found a large runed translucent door.
 60118 | Vaults:4 | Found a large runed translucent door.
 60118 | Vaults:4 | Found a large runed translucent door.
 60124 | Vaults:4 | Found a gateway to a bazaar.
 60137 | Bazaar   | Entered a bazaar
 60137 | Bazaar   | Found Tycsaur's Jewellery Boutique.
 60153 | Bazaar   | Found Ugol's Assorted Antiques.
 60166 | Bazaar   | Found Woptailu's Antique Weapon Emporium.
 60170 | Bazaar   | Found Nuysuval's Assorted Antiques.
 60179 | Bazaar   | Found Wuuzill's Jewellery Shop.
 60208 | Bazaar   | Bought a scroll of teleportation for 69 gold pieces
 60208 | Bazaar   | Bought a scroll of teleportation for 69 gold pieces
 60208 | Bazaar   | Bought a potion of curing for 69 gold pieces
 60208 | Bazaar   | Bought a scroll of teleportation for 69 gold pieces
 60208 | Bazaar   | Bought a potion of invisibility for 184 gold pieces
 60687 | D:11     | You paid a toll of 16 scrolls of teleportation to enter a
                  | treasure trove
 60688 | Trove    | Entered a treasure trove
 60691 | Trove    | Identified the staff of a bazaar {rPois rN+ rCorr Str-4
                  | Dex+3 Necro}
 60898 | Lair:3   | Killed klm127's ghost
 61064 | D:4      | Identified the ring "Cafenk" {rN+ Will+ Str+5 Slay-6 SInv}
 61070 | D:4      | Killed spiderkeys's ghost
 61071 | D:4      | Identified the +4 glaive "Zimeh" {protect, MP+9 Str+5
                  | Int+3}
 61254 | D:12     | Killed Laiqyij's ghost
 61525 | Elf:1    | Entered Level 1 of the Elven Halls
 62005 | Elf:1    | Identified the Anthology of Called Bolts
 62069 | Elf:1    | Identified the +1 chain mail of Impermeability {rPois}
 62740 | Elf:2    | Found Dunnosm's General Store.
 62743 | Elf:2    | Bought a scroll of blinking for 150 gold pieces
 63290 | Elf:2    | Found a huge runed translucent gate.
 63290 | Elf:2    | Found a huge runed translucent gate.
 63290 | Elf:2    | Found a huge runed translucent gate.
 63290 | Elf:2    | Found a huge runed translucent gate.
 63295 | Elf:2    | Found a huge runed translucent gate.
 63608 | Elf:2    | Reached skill level 15 in Ice Magic
 63698 | Elf:2    | Reached XP level 23. HP: 190/190 MP: 40/40
 63849 | Elf:3    | Entered Level 3 of the Elven Halls
 63863 | Elf:3    | Found an ancient bone altar of Kikubaaqudgha.
 63939 | Elf:3    | Identified the +4 long sword of Distant Worlds {heavy,
                  | Int+3}
 64381 | Elf:3    | Identified the ring of Midwinter {Contam rElec rCorr Str+9
                  | Dex-3}
 64530 | Elf:3    | Identified the +6 great sword "Trog's Indignation" {flame,
                  | rN++ Str-2}
 65132 | Elf:3    | Identified the +1 scale mail of Sunlight {Fly Will- rCorr
                  | Str-2}
 65300 | Elf:3    | Identified the staff of the People {rF+ rC+ Fire}
 65322 | Elf:3    | Identified the Almanac of the Nimbus
 65325 | Elf:3    | Identified the +5 shortbow of Reapportionment {freeze,
                  | +Blink rCorr}
 65338 | Elf:3    | Identified the ring "Ihyogg" {Fly rN+ Dex+2}
 65347 | Elf:3    | Identified the Catalogue of Mercurial Detritus
 65594 | Elf:3    | Learned a level 6 spell: Eringya's Noxious Bog
 65601 | Elf:3    | Learned a level 6 spell: Death Channel
 65609 | Elf:3    | Learned a level 7 spell: Malign Gateway
 66432 | Vaults:4 | Reached skill level 15 in Shapeshifting
 66481 | Vaults:4 | Paralysed by a great orb of eyes for 4 turns
 67443 | Vaults:5 | Entered Level 5 of the Vaults
 67454 | Vaults:5 | Reached XP level 24. HP: 199/199 MP: 19/40
 67773 | Vaults:5 | Noticed a dread lich
 67796 | Vaults:5 | Paralysed by a dread lich for 4 turns
 67810 | Vaults:5 | Killed a dread lich
 68007 | Vaults:5 | Noticed a dread lich
 68026 | Vaults:5 | Noticed a dread lich
 68045 | Vaults:5 | Noticed an ancient lich
 68117 | Vaults:5 | Noticed a dread lich
 68124 | Vaults:5 | Noticed a dread lich
 68125 | Vaults:5 | HP: 4/252 [Ice Fiend[a dread lich] (53)]
 68128 | Vaults:5 | Killed from afar by a frost giant

Illustrated notes

Levels and vault maps discovered:
D:1:      minmay_arrival_hallway, layout_basic, minmay_bisected
D:2:      layout_basic, serial_undead, serial_undead_d, serial_undead_c,
          serial_undead_e, serial_undead_a, serial_undead_a, serial_undead_b,
          serial_undead_b, serial_undead_b, serial_shops, shop,
          chequers_serial_rivers_marsh, uniq_natasha
D:3:      layout_loops_ring, portal_sewer_entry_e,
          ebering_ecumenical_altar_abandoned
D:4:      cheibrodos_thug_alley, layout_basic, ebering_ghost_inner_flame,
          minmay_misc_feat_chi, hangedman_decor_peaks_small, uniq_robin,
          uniq_blork_the_orc
D:5:      layout_loops_ring, uniq_menkaure
D:6:      layout_loops_cross
D:7:      layout_rooms, minmay_temple_entry_antechambers, serial_shops,
          nicolae_shop_window_shopping
D:8:      layout_gridville, lair_entry_dummy, serial_shops,
          nicolae_shop_window_shopping
D:9:      cheibrodos_wizards_tower, layout_basic, mainiacjoe_overflow_boulevard,
          enter_bailey_6, uniq_grum, uniq_gastronok
D:10:     layout_small_grid, david_orc_2, nicolae_underground_beach,
          uniq_josephine, uniq_lodul
D:11:     layout_roguey, nicolae_trove_entry_diagonal
D:12:     layout_cave_pools, serial_shops, shop, maelrawn_ghost_gauntlet_escape
D:13:     layout_basic, ximxim_vaults_locker_room
D:14:     layout_rooms, serial_shops, shop, nicolae_vehumet_altar_sigil,
          st_stairs_8, nicolae_fountain_basement, uniq_roxanne
D:15:     grunt_enter_depths_giant_problem, layout_irregular_city,
          nicolae_figureground_pulse, minmay_alternating_orb
Temple:   kilobyte_greek_temple
Lair:1:   layout_loops_ring, uniq_nergalle
Lair:2:   layout_misc_corridors, grunt_megastairs_4, infiniplex_staircase_pool,
          lemuel_fruit_tree
Lair:3:   layout_loops_ring, shoals_dummy_entry,
          nicolae_snake_entry_warm_welcome, gammafunk_ghost_ooze,
          grunt_megastairs_2
Lair:4:   layout_cave_pods, kennysheep_snail_temple
Lair:5:   grunt_lair_end_beastmaster, layout_layer_cave,
          dpeg_slime_entry_enclosed, chequers_serial_rivers_micro_a, uniq_snorg,
          uniq_urug
Shoals:1: cheibrodos_shoals_oceanic_diplomacy, layout_shoals, yaktaur_hedge,
          uniq_frances
Shoals:2: layout_shoals
Shoals:3: layout_shoals, portal_ice_cave_entry_ice_statue_two
Shoals:4: shoals_end_grunt_ice, layout_shoals,
          nicolae_shoals_stone_sculpture_thing, uniq_polyphemus
Snake:1:  layout_layer_cave, nicolae_snake_gridmaze_spiral, minmay_shop_star,
          uniq_donald, uniq_asterion
Snake:2:  layout_rooms, uniq_azrael, uniq_kirke, uniq_vashnia, uniq_aizul
Snake:3:  layout_misc_corridors, uniq_mara
Snake:4:  grunt_snake_rune_serpentine_throne, layout_onion, serial_shops,
          nicolae_diamond_shop
Slime:1:  layout_caves, nicolae_slime_barrier
Slime:2:  layout_caves
Slime:3:  layout_caves
Slime:4:  layout_caves
Slime:5:  slime_pit_nicolae_block_by_block
Orc:1:    layout_caves, mines2_david
Orc:2:    st_orc_ogre_mass, layout_diamond_mine, serial_shops, bzr_in_the_mist
Elf:1:    elf_arrival_002, layout_loops_corners, minmay_elf_sorcery
Elf:2:    elven_hall_of_blades_hangedman_alternative [grunt_blade_entry_basic],
          layout_gridlike, serial_shops, shop
Elf:3:    minmay_elf_hall_hex, layout_geoelf_grid, basic_altar,
          lemuel_statue_altar, fountainhead
Vaults:1: v_misc_18, nicolae_vaults_stairing_the_circle, grunt_vaults_swirl,
          nicolae_vaults_fighting_squares, v_alt_pattern_1, v_pattern_3,
          v_misc_2, nicolae_vaults_storage_room_glass, hangedman_vaults_locks,
          ontoclasm_vaults_tryst, nicolae_vaults_trapezoid_layered,
          nicolae_vaults_trapezoid_4, vaults_dpeg_encased_lava,
          layout_vaults_ring, serial_shops, nicolae_shop_just_a_little_nook
Vaults:2: v_misc_15, nicolae_vaults_two_Ls, vaults_mumra_hexcomb, st_lattice,
          nicolae_vaults_apartment_2, nicolae_vaults_mini_display_case,
          nicolae_vaults_diamond_2, nicolae_vaults_yaktaur_gun_rack,
          nicolae_vaults_taking_the_gang_shopping, layout_vaults_chaotic_city,
          serial_shops, shop
Vaults:3: vaults_room_hallway, grunt_vaults_focal, v_misc_16, v_misc_29,
          v_misc_5, nicolae_vaults_little_ls, nicolae_vaults_little_squares_2,
          vaults_room_semicircle, vaults_room_grunt_arrival_checkpoint,
          layout_vaults_quadrants, minmay_crypt_entry_simple_walls,
          serial_shops, shop
Vaults:4: advil_vaults_ghost_lines, hangedman_vaults_nails,
          nicolae_vaults_trapezoid_lopsided_3, st_cells, nicolae_vaults_mitosis,
          nicolae_vaults_storage_room_statues, ontoclasm_vaults_chip,
          hangedman_vaults_nails, ontoclasm_vaults_gateway,
          nicolae_vaults_trapezoid_lopsided_4, v_misc_10,
          nicolae_vaults_doubleplus_tesselated, nicolae_vaults_tetromino_T_1,
          layout_vaults_omnibox, serial_shops, bzr_entry_lakeside
Vaults:5: serial_shops

Skill      XL: |  1  2  3  4  5  6  7  8  9 10 11 12 13 14 15 16 17 18 19 20 21 22 23 24 |
---------------+-------------------------------------------------------------------------+-----
Invocations    | 1 2 3 4 5 6 8 9 10 11 12 13 14 15 16 17 | 17.9
Short Blades   | 1 2 3 4 5 7 8 9 10 11 12 13 14 15 16 | 16.5
Long Blades    | 1 2 3 4 5 7 8 9 10 11 12 13 14 15 16 | 16.5
Axes           | 1 2 3 4 5 7 8 9 10 11 12 13 14 15 16 | 16.5
Maces & Flails | 1 2 3 4 5 7 8 9 10 11 12 13 14 15 16 | 16.5
Polearms       | 1 2 3 4 5 7 8 9 10 11 12 13 14 15 16 | 16.5
Staves         | 1 2 3 4 5 7 8 9 10 11 12 13 14 15 16 | 16.5
Ranged Weapons | 1 2 3 4 5 7 8 9 10 11 12 13 14 15 16 | 16.5
Throwing       | 1 2 3 4 5 7 8 9 10 11 12 13 14 15 16 | 16.5
Armour         | 1 2 3 4 5 7 8 9 10 11 12 13 14 15 16 | 16.5
Stealth        | 1 2 3 4 5 7 8 9 10 11 12 13 14 15 16 | 16.5
Shields        | 1 2 3 4 5 7 8 9 10 11 12 13 14 15 16 | 16.5
Spellcasting   | 1 2 3 4 5 7 8 9 10 11 12 13 14 15 16 | 16.5
Evocations     | 1 2 3 4 5 7 8 9 10 11 12 13 14 15 17 | 17.6
Conjurations   | 1 2 3 4 6 7 8 9 10 11 12 13 14 | 14.0
Hexes          | 1 2 3 4 6 7 8 9 10 11 12 13 14 | 14.0
Summonings     | 1 2 3 4 6 7 8 9 10 11 12 13 14 | 14.0
Necromancy     | 1 2 3 4 6 7 8 9 10 11 12 13 14 | 14.0
Translocations | 1 2 3 4 6 7 8 9 10 11 12 13 14 | 14.0
Transmutations | 1 2 3 4 6 7 8 9 10 11 12 13 14 | 14.0
Fire Magic     | 1 2 3 4 6 7 8 9 10 11 12 13 14 | 14.0
Ice Magic      | 1 2 3 4 6 7 8 9 10 11 13 14 15 16 | 16.2
Air Magic      | 1 2 3 4 6 7 8 9 10 11 12 13 14 | 14.0
Earth Magic    | 1 2 3 4 6 7 8 9 10 11 12 13 14 | 14.0
Poison Magic   | 1 2 3 4 6 7 8 9 10 11 12 13 14 | 14.0
Fighting       | 3 4 5 6 7 8 9 10 11 12 13 14 15 16 | 16.7
Dodging        | 5 6 7 8 9 10 11 12 13 14 15 16 17 | 17.0
Unarmed Combat | 7 8 10 11 12 13 14 15 16 17 | 17.6
Shapeshifting  | 7 8 9 10 11 12 13 14 15 | 15.3

Action                     |  1- 3 |  4- 6 |  7- 9 | 10-12 | 13-15 | 16-18 | 19-21 | 22-24 || total
---------------------------+-------+-------+-------+-------+-------+-------+-------+-------++-------
  Melee: Unarmed           |    50 |       |       |   228 |   928 |       |    27 |   774 ||  2007
         Bite              |     2 |    14 |    44 |     6 |    23 |    88 |   135 |   101 ||   413
         Punch             |     1 |       |       |       |       |       |       |       ||     1
         Whip              |    21 |   133 |   297 |    52 |       |       |       |       ||   503
         Eveningstar       |       |       |    43 |       |   175 |   843 |  1047 |       ||  2108
         Constrict         |       |       |       |    45 |   165 |       |       |       ||   210
         Kick              |       |       |       |       |       |       |    75 |   273 ||   348
  Throw: Javelin           |       |       |       |       |       |       |    24 |       ||    24
   Cast: Manifold Assault  |       |       |       |       |    38 |   262 |   279 |   125 ||   704
         Freezing Cloud    |       |       |       |       |    17 |   182 |   134 |    63 ||   396
         Yara's Violent Un |       |       |       |       |     1 |       |       |     1 ||     2
         Blink             |       |       |       |       |       |     1 |       |       ||     1
         Plasma Beam       |       |       |       |       |       |       |    51 |     8 ||    59
         Ignite Poison     |       |       |       |       |       |       |     1 |     4 ||     5
         Death Channel     |       |       |       |       |       |       |       |     7 ||     7
         Eringya's Noxious |       |       |       |       |       |       |       |     4 ||     4
         Malign Gateway    |       |       |       |       |       |       |       |     4 ||     4
 Invoke: Curse Item        |       |       |       |     2 |     1 |       |     1 |     1 ||     5
Ability: Begin Untransform |       |       |       |       |     1 |       |     1 |       ||     2
  Evoke: Wand              |       |       |     2 |    11 |     9 |     4 |     6 |     4 ||    36
         Phantom mirror    |       |       |       |       |     1 |     3 |     2 |       ||     6
    Use: Scroll            |       |     4 |    10 |     5 |    17 |     4 |    12 |     6 ||    58
         Potion            |       |     1 |     3 |     5 |     4 |     2 |    10 |     5 ||    30
   Stab: Sleeping          |       |     1 |     1 |     9 |    14 |     6 |     9 |    14 ||    54
         Distracted        |       |       |     1 |     1 |     4 |    16 |    31 |     7 ||    60
         Confused          |       |       |     1 |       |       |       |       |       ||     1
         Petrified         |       |       |       |       |     5 |       |       |       ||     5
 Armour: Animal skin       |    13 |       |       |       |       |       |       |       ||    13
         Ring mail         |    13 |    57 |    83 |       |       |       |       |       ||   153
         Skin              |       |    49 |       |    25 |   168 |    94 |   185 |   235 ||   756
         Quicksilver drago |       |       |       |     7 |    27 |   100 |    66 |       ||   200
  Dodge: Dodged            |    53 |    93 |   224 |   159 |   906 |   572 |   794 |   858 ||  3659
  Block: Buckler           |       |    27 |    71 |     6 |    46 |   321 |   470 |   380 ||  1321
   Form: Anaconda          |       |       |       |     1 |       |       |       |       ||     1
         Storm             |       |       |       |       |     1 |       |       |       ||     1
         Statue            |       |       |       |       |       |     1 |     1 |       ||     2

Table legend: (Time is in decaauts)
 A = Elapsed time spent in this place.
 B = Non-inter-level travel time spent in this place.
 C = Inter-level travel time spent in this place.
 D = Time resting spent in this place.
 E = Time spent auto-exploring this place.
 F = Levels seen in this place.
 G = Mean time per level.
                   A        B        C        D        E       F      G
               +--------+--------+--------+--------+--------+-----+--------+
         Total |  80992 |  73012 |   7980 |  24744 |  29160 |  50 | 1619.8 |
       Dungeon |  18616 |  15397 |   3219 |   3397 |   7963 |  15 | 1241.1 |
        Temple |     95 |     31 |     64 |      0 |     17 |   1 |   95.0 |
          Lair |  12123 |  10656 |   1467 |   4041 |   3778 |   5 | 2424.6 |
        Shoals |   9684 |   8551 |   1133 |   3398 |   3037 |   4 | 2421.0 |
     Snake Pit |  10857 |  10223 |    634 |   4573 |   3568 |   4 | 2714.2 |
    Slime Pits |   6995 |   6815 |    180 |   2679 |   2221 |   5 | 1399.0 |
  Orcish Mines |   1908 |   1588 |    320 |    256 |    745 |   2 |  954.0 |
   Elven Halls |   6233 |   5925 |    308 |   1701 |   2674 |   3 | 2077.7 |
        Vaults |  10993 |  10340 |    653 |   2916 |   4860 |   5 | 2198.6 |
        Bazaar |    309 |    309 |      0 |      0 |     83 |   2 |  154.5 |
         Trove |     88 |     88 |      0 |      0 |      0 |   1 |   88.0 |
         Sewer |    335 |    335 |      0 |    149 |     58 |   1 |  335.0 |
        Bailey |   1414 |   1414 |      0 |    862 |     65 |   1 | 1414.0 |
      Ice Cave |   1336 |   1336 |      0 |    767 |     88 |   1 | 1336.0 |
               +--------+--------+--------+--------+--------+-----+--------+

Top non-repeatable levels by time:
 Slime:5: 3532 daAuts
Shoals:4: 3423 daAuts
 Snake:1: 3404 daAuts
 Snake:4: 3066 daAuts
  Lair:3: 2785 daAuts
Vaults:2: 2781 daAuts
  Lair:4: 2763 daAuts
Vaults:3: 2690 daAuts
 Snake:2: 2648 daAuts
  Lair:5: 2637 daAuts
   Elf:3: 2500 daAuts
Vaults:1: 2428 daAuts
Shoals:1: 2384 daAuts
Vaults:4: 2236 daAuts
  Lair:1: 2214 daAuts
